 Dungeon Crawl Stone Soup version 0.24.0-10-g970556be89 (webtiles) character file.

Game seed: 4771056940555465059, levelgen mode: deterministic

12521 Masnef the Fighter (level 11, -5/76 HPs)
             Began as a Gargoyle Warper on Nov 3, 2019.
             Was the Champion of Zin.
             Killed by divine providence
             ... invoked by a sphinx
              (13 damage)
             ... while paralysed by a sphinx
             ... on level 11 of the Dungeon.
             The game lasted 01:55:17 (16965 turns).

Masnef the Fighter (Gargoyle Warper)               Turns: 16965, Time: 01:55:17

Health: -5/76      AC: 27    Str: 19    XL:     11   Next: 94%
Magic:  16/16      EV:  2    Int: 18    God:    Zin [******]
Gold:   760        SH:  0    Dex:  9    Spells: 5/16 levels left

rFire    + . .     SeeInvis .   g - +8 falchion of the Saviour {slice, rC+}
rCold    + . .     Gourm    .   b - +0 buckler
rNeg     + . .     Faith    .   M - +0 leather armour {rF+}
rPois    ∞         Spirit   .   h - +2 hat
rElec    +         Reflect  .   W - +2 cloak
rCorr    .         Harm     .   s - +1 pair of gloves
MR       .....                  H - +2 pair of boots
Stlth    ++........             (no amulet)
HPRegen  0.22/turn              C - ring of Activism {rPois Str+2 Int+3}
MPRegen  0.15/turn              n - +5 ring of protection

@: paralysed, slowed
A: negative energy resistance 1, electricity resistance, unbreathing,
petrification resistance, rot immunity, AC +8
a: Recite, Vitalisation, Imprison, Sanctuary, Donate Gold, Renounce Religion


You were on level 11 of the Dungeon.
You worshipped Zin.
Zin was exalted by your worship.
You were not hungry.

You visited 2 branches of the dungeon, and saw 12 of its levels.
You also visited: Sewer and Ossuary.

You collected 995 gold pieces.
You spent 136 gold pieces at shops.
You donated 99 gold pieces to Zin.

Inventory:

Hand Weapons
 g - the +8 falchion of the Saviour (weapon) {slice, rC+}
   (You found it on level 5 of the Dungeon)

   It inflicts extra damage upon your enemies.
   It protects you from cold.
 E - a +0 morningstar
 F - the +5 spear "Killer Bee's Death" {holy, +Fly}
   (You found it on level 5 of the Dungeon)

   It has been blessed by the Shining One to cause great damage to the undead
   and demons.
   It lets you fly.
 I - a +2 morningstar
 L - a +0 whip of venom
 O - a +3 flail
 Z - a +1 flail of protection
Missiles
 c - 5 poisoned darts
 e - 7 boomerangs of dispersal
 v - 2 silver boomerangs
 w - 18 boomerangs (quivered)
 B - a throwing net
 J - 4 datura-tipped darts
Armour
 a - a +0 shield
 b - a +0 buckler (worn)
 h - a +2 hat (worn)
 s - a +1 pair of gloves (worn)
 H - a +2 pair of boots (worn)
 M - a +0 leather armour of fire resistance (worn)
 W - a +2 cloak (worn)
Jewellery
 n - a +5 ring of protection (right hand)
 C - the ring of Activism (left hand) {rPois Str+2 Int+3}
   (You found it on level 7 of the Dungeon)

   [ring of intelligence]

   It affects your strength (+2).
   It affects your intelligence (+3).
   It protects you from poison.
 V - an uncursed ring of protection from fire
Wands
 p - a wand of paralysis (18)
 G - a wand of flame (15)
 N - a wand of digging (8)
Scrolls
 d - 2 scrolls of blinking
 i - a scroll of identify
 k - 5 scrolls of fog
 o - 3 scrolls of teleportation
 q - 8 scrolls of remove curse
 r - 5 scrolls of fear
 x - a scroll of immolation
 y - 3 scrolls of enchant armour
 U - a scroll of holy word {unknown}
Potions
 j - 2 potions of heal wounds
 l - 10 potions of curing
 m - a potion of haste {unknown}
 t - 4 potions of brilliance
 u - a potion of degeneration {unknown}
 z - 2 potions of magic {unknown}
 A - a potion of might {unknown}
 D - 4 potions of flight
 Q - 2 potions of lignification
 R - 4 potions of cancellation
 S - a potion of mutation {unknown}
 T - 2 potions of ambrosia {unknown}
 X - a potion of agility
Miscellaneous
 K - a crystal ball of energy
Comestibles
 f - 15 rations
 P - 5 chunks of flesh


   Skills:
 * Level 12.4 Fighting
 - Level 3.0 Long Blades
 + Level 10.5 Maces & Flails
 - Level 2.0 Throwing
 - Level 5.2 Armour
 * Level 3.7 Dodging
 * Level 3.4 Stealth
 * Level 2.6 Shields
 - Level 3.0 Spellcasting
 - Level 2.0 Hexes
 - Level 2.0 Charms
 + Level 4.6 Translocations
 * Level 6.7 Invocations


You had 5 spell levels left.
You knew the following spells:

 Your Spells              Type           Power        Failure   Level  Hunger
a - Confusing Touch       Hex            #.....       10%         1    None
b - Shroud of Golubria    Chrm/Tloc      ##....       9%          2    ##.....
c - Teleport Other        Tloc           ###.....     10%         3    ###....
d - Lesser Beckoning      Tloc           ###.......   10%         3    ###....
e - Blink                 Tloc           N/A          4%          2    ##.....

Your spell library contained the following spells:

 Spells                   Type           Power        Failure   Level  Hunger
 Apportation              Tloc           ###...       3%          1    None
 Gell's Gravitas          Tloc           ###.......   10%         3    ###....
 Animate Skeleton         Necr           N/A          22%         1    None
 Summon Small Mammal      Summ           #...         22%         1    None
 Confuse                  Hex            #.......     28%         3    ###....
 Passage of Golubria      Tloc           N/A          32%         4    ####...
 Petrify                  Tmut/Erth      #.......     91%         4    ####...
 Metabolic Englaciation   Hex/Ice        #.........   99%         5    ######.
 Yara's Violent Unravell  Hex/Tmut       #.........   99%         5    ######.


Dungeon Overview and Level Annotations

Branches:
Dungeon (11/15)            Temple (1/1) D:5            Lair (0/6) D:8
  Sewer (visited)         Ossuary (visited)
    Orc: D:9-12

Altars:
Ashenzari
Cheibriados
Elyvilon
Fedhas
Gozag
Kikubaaqudgha
Makhleb
Qazlal
Ru
Sif Muna
Trog
Uskayaw
Xom
Yredelemnul
Zin
The Shining One

Shops:
D:9 *


Innate Abilities, Weirdness & Mutations

You are resistant to torment.
Your stone body is resilient. (AC +8)
You are immune to poison.
You resist negative energy. (rN+)
You are resistant to electric shocks. (rElec)
You can survive without breathing.
You are immune to petrification.
You are immune to rotting.


Message History

The sphinx hits you but does no damage.
You hit the sphinx.
The sphinx is lightly wounded.
The sphinx mumbles some strange words.
You suddenly lose the ability to move!
The sphinx hits you but does no damage. The sphinx hits you.
The sphinx hits you but does no damage.
The sphinx is no longer dazed.
A howler monkey comes into view.
The sphinx hits you!
* * * LOW HITPOINT WARNING * * *
The sphinx hits you.
* * * LOW HITPOINT WARNING * * *
The sphinx hits you!
* * * LOW HITPOINT WARNING * * *
The sphinx casts a spell.
Something smites you! Zin protects you from harm!
The sphinx casts a spell.
Something smites you!
You die...

#...#.........##...##...........
#...#####.......................
##...#####.###.......(...........
.####....#.# #.##.h...#######.#.#
.# #....#[# #.##..........##.#.#
.# #(...#.# #.##..........##÷#.#
.####....#.###.##(.........##.#.#
....'....'......(................
..###....#<###..@H.÷..######..#.#
..###....#÷# #####..#.##.........
...........# #..#....?.......
..########.# #..####.#.#.....
...........# #.#...##.#....###
..########.# ###.#.##.#....##.
#.# ### #............##. #.#
#....##.#....... #.#
#...............


You could see a sphinx and a howler monkey.

Vanquished Creatures
  A two-headed ogre (D:8)
  An unseen horror (D:11)
  A manticore (D:11)
  An ugly thing (D:10)
  A cyclops (D:11)
  2 gargoyles
  Grinder (D:5)
  2 hippogriffs (D:8)
  2 slime creatures (D:5)
  8 yaks
  3 hogs (D:7)
  A wraith (D:11)
  A human (D:7)
  2 hungry ghosts (D:9)
  A water moccasin (D:11)
  4 porcupines (D:8)
  Duvessa (D:6)
  A black bear (D:8)
  2 orc warriors (D:6)
  2 ice beasts
  4 sky beasts
  2 phantoms
  4 centaurs
  4 ogres
  3 crocodiles (D:8)
  5 big kobolds
  11 bullfrogs
  2 gnoll sergeants
  Dowan (D:6)
  A water moccasin skeleton (D:9)
  5 scorpions
  4 killer bees (D:8)
  4 wights (D:7)
  5 howler monkeys
  4 jellies (D:5)
  A bullfrog zombie (D:8)
  A crimson imp (D:11)
  A centaur zombie (D:11)
  4 hounds
  7 orc priests
  2 bullfrog skeletons (D:9)
  A centaur skeleton (D:5)
  11 orc wizards
  Crazy Yiuf (D:6)
  3 iguanas
  7 worker ants
  A big kobold zombie (Ossuary)
  2 hound zombies
  4 hound skeletons
  8 mummies (Ossuary)
  A howler monkey zombie (D:7)
  A worker ant zombie (D:3)
  2 howler monkey skeletons
  18 adders
  18 gnolls
  5 river rats
  2 shadow imps
  5 oozes
  A worm (D:4)
  An adder skeleton (D:4)
  4 dart slugs
  5 leopard geckos
  42 orcs
  12 giant cockroaches
  2 gnoll zombies (Ossuary)
  9 goblins
  7 hobgoblins
  2 jackals (D:9)
  18 kobolds
  11 quokkas
  17 ball pythons
  6 bats
  5 frilled lizards
  A giant cockroach zombie (D:3)
  2 hobgoblin zombies (Ossuary)
  3 leopard gecko skeletons
  3 orc zombies (Ossuary)
  2 quokka skeletons
  31 rats
387 creatures vanquished.

Vanquished Creatures (others)
  An orc warrior (D:9)
  An orc wizard (D:5)
  6 fungi
  8 plants (D:8)
  10 toadstools (D:5)
26 creatures vanquished.

Grand Total: 413 creatures vanquished

Notes
Turn   | Place    | Note
-------+----------+-------------------------------------------
     0 | D:1      | Masnef the Gargoyle Warper began the quest for the Orb.
     0 | D:1      | Reached XP level 1. HP: 12/12 MP: 3/3
   166 | D:1      | Reached XP level 2. HP: 8/17 MP: 5/5
   359 | D:1      | Learned a level 2 spell: Blink
   362 | D:1      | Learned a level 2 spell: Shroud of Golubria
   366 | D:1      | You fall into a shaft and drop 1 floor!
   494 | D:2      | Reached XP level 3. HP: 19/22 MP: 6/6
  1720 | D:2      | Found a sacrificial altar of Ru.
  1739 | D:2      | Reached skill level 1 in Throwing
  1739 | D:2      | Reached XP level 4. HP: 26/27 MP: 7/7
  1897 | D:2      | Reached skill level 3 in Fighting
  2191 | D:2      | Found a white marble altar of Elyvilon.
  2199 | D:2      | Became a worshipper of Elyvilon the Healer
  3007 | D:3      | Reached XP level 5. HP: 32/32 MP: 8/8
  3090 | D:3      | Reached skill level 1 in Charms
  3090 | D:3      | Reached skill level 1 in Invocations
  3628 | D:3      | Reached XP level 6. HP: 38/38 MP: 6/9
  3861 | D:3      | Reached * piety under Elyvilon
  4220 | D:3      | Reached skill level 4 in Fighting
  4226 | D:3      | Reached skill level 10 in Fighting
  4226 | D:3      | Reached XP level 7. HP: 53/53 MP: 7/10
  5096 | D:4      | Reached ** piety under Elyvilon
  5157 | D:4      | Found a glowing drain.
  5165 | Sewer    | Entered a sewer
  5649 | Sewer    | Reached XP level 8. HP: 50/58 MP: 7/11
  5662 | Sewer    | Reached skill level 10 in Maces & Flails
  6029 | D:4      | Found an ancient bone altar of Kikubaaqudgha.
  6183 | D:4      | Found a snail-covered altar of Cheibriados.
  6237 | D:5      | Entered Level 5 of the Dungeon
  6237 | D:5      | Found a hide-covered altar of Uskayaw.
  6334 | D:5      | Got an ancient falchion
  6421 | D:5      | Reached *** piety under Elyvilon
  6701 | D:5      | Found a shimmering altar of Xom.
  7051 | D:5      | Noticed a slime creature
  7051 | D:5      | Noticed a slime creature
  7072 | D:5      | Killed a slime creature
  7072 | D:5      | Reached XP level 9. HP: 31/63 MP: 10/12
  7339 | D:5      | Reached skill level 11 in Fighting
  7366 | D:5      | Got a pitted spear
  7375 | D:5      | Found a staircase to the Ecumenical Temple.
  7398 | Temple   | Entered the Ecumenical Temple
  7419 | Temple   | Fell from the grace of Elyvilon
  7419 | Temple   | Became a worshipper of Zin the Law-Giver
  7419 | Temple   | Reached * piety under Zin
  7419 | Temple   | Reached ** piety under Zin
  7466 | D:5      | Identified the +8 falchion of the Saviour {slice, rC+} (You
                  | found it on level 5 of the Dungeon)
  7526 | D:5      | Reached *** piety under Zin
  7825 | D:5      | Noticed Grinder
  7831 | D:5      | Killed Grinder
  8152 | D:5      | Identified the +5 spear "Killer Bee's Death" {holy, +Fly}
                  | (You found it on level 5 of the Dungeon)
  8205 | D:6      | Found an opulent altar of Gozag.
  8247 | D:6      | Found a shattered altar of Ashenzari.
  8387 | D:6      | Found a runed translucent door.
  8442 | D:6      | Noticed Dowan
  8442 | D:6      | Noticed Duvessa
  8476 | D:6      | Killed Dowan
  9140 | D:6      | Reached skill level 1 in Long Blades
  9328 | D:6      | Killed Duvessa
  9603 | D:6      | Reached XP level 10. HP: 70/70 MP: 11/13
  9648 | D:6      | Reached **** piety under Zin
  9930 | D:6      | Noticed Crazy Yiuf
  9945 | D:6      | Killed Crazy Yiuf
 10004 | D:6      | Learned a level 3 spell: Teleport Other
 10008 | D:6      | Learned a level 3 spell: Lesser Beckoning
 10275 | D:7      | Found a basalt altar of Yredelemnul.
 10357 | D:7      | Found a sand-covered staircase.
 10364 | Ossuary  | Entered an ossuary
 10392 | Ossuary  | Reached ***** piety under Zin
 10538 | Ossuary  | Reached ****** piety under Zin
 11004 | D:7      | Got a heavily runed jade ring
 11005 | D:7      | Identified the ring of Activism {rPois Str+2 Int+3} (You
                  | found it on level 7 of the Dungeon)
 11123 | D:7      | Reached skill level 5 in Invocations
 11648 | D:8      | Reached skill level 12 in Fighting
 11735 | D:8      | Learned a level 1 spell: Confusing Touch
 11840 | D:8      | Noticed a two-headed ogre
 12093 | D:8      | Killed a two-headed ogre
 12093 | D:8      | Reached skill level 1 in Hexes
 12093 | D:8      | Reached XP level 11. HP: 14/76 MP: 9/15
 12738 | D:8      | Reached skill level 5 in Armour
 13218 | D:8      | Found a staircase to the Lair.
 13806 | D:9      | Found a stormy altar of Qazlal.
 13835 | D:9      | Reached skill level 1 in Stealth
 14086 | D:9      | Found Udwesoh's Assorted Antiques.
 14092 | D:9      | Bought a runed flail for 136 gold pieces
 14616 | D:9      | Found a burning altar of Makhleb.
 14693 | D:10     | Entered Level 10 of the Dungeon
 14737 | D:10     | Reached skill level 1 in Shields
 16092 | D:11     | Noticed a cyclops
 16722 | D:11     | Killed an unseen horror
 16815 | D:11     | Noticed a cyan ugly thing
 16867 | D:10     | Killed a cyan ugly thing
 16929 | D:11     | Killed a cyclops
 16933 | D:11     | Noticed a manticore
 16949 | D:11     | Killed a manticore
 16955 | D:11     | Noticed a sphinx
 16962 | D:11     | Paralysed by a sphinx for 5 turns
 16964 | D:11     | Zin protects you from harm!
 16965 | D:11     | Killed from afar by a sphinx

Levels and vault maps discovered:
D:1:      grunt_arrival_lava_bath, layout_basic, minmay_tromino_v2
D:2:      layout_basic, nicolae_ru_great_annihilating_truth,
          lemuel_crystal_altar, grunt_ministairs_10, kennysheep_generic_room_10
D:3:      layout_loops_ring, first_ration, serial_undead, serial_undead_c,
          serial_undead_d, serial_undead_a, serial_undead_a
D:4:      layout_loops_ring, kennysheep_slug_shrine, kennysheep_mini_moat,
          portal_sewer_entry_e, grunt_decor_one_mirror,
          eino_small_chamber_without_monster
D:5:      cheibrodos_fertilizer, layout_basic, eat_drink_and_be_merry_uskayaw,
          minmay_temple_entry_large_hall, basic_altar, st_stairs_5,
          minmay_quadrilaterals, uniq_grinder
D:6:      layout_rooms, nicolae_gozag_cash_rules_everything_around_me,
          evilmike_ruin_ashenzari, uniq_duvessa, uniq_crazy_yiuf_cottage
D:7:      layout_loops_cross, yredelemnul_altar_generic,
          nicolae_overflow_hidden_temple, lightli_ossuary_entry_decrepit_ruins,
          grunt_livestock
D:8:      layout_basic, minmay_lair_entry_grove
D:9:      layout_roguey, makhleb_grotto_becter, serial_shops, shop,
          minmay_ruined_shrine
D:10:     layout_long_grid
D:11:     minmay_mutant_horseshoe, layout_basic
Temple:   nicolae_temple_hex_pool

Skill      XL: |  1  2  3  4  5  6  7  8  9 10 11 |
---------------+----------------------------------+-----
Maces & Flails | 3 4 9 10 | 10.5
Throwing       | 1 2 |  2.0
Translocations | 3 4 |  4.6
Fighting       | 3 10 11 12 | 12.4
Charms         | 1 2 |  2.0
Invocations    | 1 2 3 5 6 |  6.7
Armour         | 2 3 4 5 |  5.2
Long Blades    | 1 3 |  3.0
Dodging        | 2 3 |  3.7
Hexes          | 1 2 |  2.0
Stealth        | 3 |  3.4
Shields        | 2 |  2.6
Spellcasting   | 3 |  3.0

Action                   |  1- 3 |  4- 6 |  7- 9 | 10-12 || total
-------------------------+-------+-------+-------+-------++-------
Melee: Mace              |   115 |   271 |   387 |       ||   773
       Falchion          |       |       |   105 |   155 ||   260
       Morningstar       |       |       |    12 |       ||    12
       Spear             |       |       |    11 |    80 ||    91
       Dagger            |       |       |     4 |       ||     4
       Flail             |       |       |       |   586 ||   586
       Whip              |       |       |       |    27 ||    27
Throw: Stone             |     2 |    76 |    61 |       ||   139
       Boomerang         |       |     7 |    13 |     5 ||    25
       Dart              |       |       |    13 |     7 ||    20
 Cast: Shroud of Golubri |       |    20 |    63 |    79 ||   162
       Blink             |       |     1 |     3 |     5 ||     9
       Teleport Other    |       |       |       |     2 ||     2
       Confusing Touch   |       |       |       |    61 ||    61
Invok: Recite            |       |       |     8 |    22 ||    30
Evoke: Wand              |       |       |       |    19 ||    19
  Use: Scroll            |     1 |     4 |     9 |     8 ||    22
       Potion            |       |     2 |     1 |     4 ||     7
 Stab: Paralysed         |       |     1 |       |     1 ||     2
       Invisible         |       |       |       |     5 ||     5
       Confused          |       |       |       |    26 ||    26
  Eat: Chunk             |     3 |    10 |    17 |    14 ||    44
       Ration            |       |       |     2 |     5 ||     7
Armor: Leather armour    |    47 |   171 |   274 |   536 ||  1028
       Skin              |       |       |     1 |       ||     1
Dodge: Dodged            |    76 |   174 |   314 |   436 ||  1000
Block: Buckler           |       |       |       |    52 ||    52
       Rpst.: Falchion   |       |       |    25 |    36 ||    61
